 Dungeon Crawl Stone Soup version 0.19-a0-1692-g68728bb (webtiles) character file.

333 Azru the Cudgeler (level 6, -6/47 HPs)
             Began as a Mummy Fighter on Sept 26, 2016.
             Mangled by a scorpion (7 damage)
             ... on level 4 of the Dungeon.
             The game lasted 00:11:32 (4509 turns).

Azru the Cudgeler (Mummy Fighter)                   Turns: 4509, Time: 00:11:33

Health: -6/47      AC:  9    Str: 19    XL:     6   Next: 27%
Magic:  6/6        EV:  7    Int: 10    God:
Gold:   191        SH:  8    Dex: 11    Spells: 0 memorised, 5 levels left

rFire  x . .     SeeInvis .     a - +0 flail
rCold  + . .     Gourm    .     b - +0 scale mail
rNeg   + + +     Faith    .     c - +0 shield
rPois  ∞         Spirit   .     (no helmet)
rElec  .         Dismiss  +     (no cloak)
rCorr  .         Reflect  .     j - +0 pair of gloves
MR     .....     Harm     .     (no boots)
Stlth  ..........               g - amulet of dismissal (curse)
                                (no ring)
                                (no ring)

@: no status effects
A: no food or potions, fire vulnerability, cold resistance 1, negative energy
resistance 3, torment resistance, unbreathing
a: no special abilities


You were on level 4 of the Dungeon.
You were not hungry.

You visited 1 branch of the dungeon, and saw 4 of its levels.

You collected 191 gold pieces.

Inventory:

Hand Weapons
 a - a +0 flail (weapon)
Armour
 b - a +0 scale mail (worn)
 c - a +0 shield (worn)
 e - a +0 plate armour
 j - a +0 pair of gloves (worn)
Jewellery
 g - a cursed amulet of dismissal (around neck)
 n - an uncursed amulet of regeneration {unknown}
Wands
 i - a wand of digging (12/24)
 m - a wand of flame (18/48)
Scrolls
 d - a scroll of identify
 f - a scroll of blinking
 h - 3 scrolls of teleportation
 k - a scroll of random uselessness
 l - a scroll of remove curse {unknown}


   Skills:
 - Level 3.0 Fighting
 * Level 4.9 Maces & Flails
 + Level 3.5 Armour
 - Level 2.4 Shields


You had 5 spell levels left.
You didn't know any spells.

Dungeon Overview and Level Annotations

Branches:
Dungeon (4/15)
 Temple: D:4-7

Altars:

Shops:
D:4 (


Innate Abilities, Weirdness & Mutations

You do not eat or drink.
Your flesh is vulnerable to fire.
You are immune to poison.
Your flesh is cold resistant. (rC+)
You are immune to negative energy. (rN+++)
You are immune to unholy pain and torment.
You can survive without breathing.


Message History

There is a fountain of clear blue water here.
You hit the scorpion.
The scorpion is almost dead.
The scorpion stings you but does no damage.
You barely miss the scorpion.
The scorpion is almost dead.
You block the scorpion's attack.
You closely miss the scorpion.
The scorpion is almost dead.
The scorpion stings you but does no damage.
You hit the scorpion.
The scorpion is almost dead.
The scorpion stings you.
* * * LOW HITPOINT WARNING * * *
You closely miss the scorpion.
The scorpion is almost dead.
The scorpion stings you.
* * * LOW HITPOINT WARNING * * *
The scorpion stings you!
You die...

............#
.<......#...##
.###.#..#.⌠.⌠#
.. ##....∩.#
## #..#.⌠.⌠#
#.#.##..#### #
..##o....#
.####s###.# ..
#@###.##
#......#
##.####......#
.............#
..........†..#
##.#####.....#
#######..##
.......<.#
#######.##


You could see a scorpion and an orc.

Vanquished Creatures
  An orc wizard (D:3)
  Jessica (D:2)
  Natasha (thrice) (D:2)
  Robin (D:2)
  4 gnolls (D:2)
  3 adders (D:2)
  2 worms
  3 dart slugs
  3 orcs
  3 giant cockroaches
  21 goblins
  14 hobgoblins
  11 jackals
  10 kobolds
  3 quokkas (D:2)
  4 ball pythons
  7 bats
  5 frilled lizards
  12 rats
111 creatures vanquished.

Notes
Turn   | Place    | Note
-------+----------+-------------------------------------------
     0 | D:1      | Azru the Mummy Fighter began the quest for the Orb.
     0 | D:1      | Reached XP level 1. HP: 18/18 MP: 1/1
    44 | D:1      | Reached skill level 2 in Maces & Flails
   277 | D:1      | Reached XP level 2. HP: 20/24 MP: 2/2
   637 | D:1      | Reached XP level 3. HP: 29/29 MP: 3/3
   703 | D:1      | Reached skill level 3 in Maces & Flails
   957 | D:2      | Noticed Jessica
   996 | D:2      | Killed Jessica
   996 | D:2      | Reached XP level 4. HP: 28/35 MP: 4/4
  1184 | D:2      | Noticed Natasha
  1193 | D:2      | Killed Natasha
  1930 | D:2      | Reached skill level 4 in Maces & Flails
  1987 | D:2      | Reached XP level 5. HP: 41/41 MP: 5/5
  2027 | D:2      | Noticed Natasha
  2042 | D:2      | Killed Natasha
  2295 | D:2      | Noticed Robin
  2338 | D:2      | Killed Robin
  2518 | D:2      | Noticed Natasha
  2523 | D:2      | Killed Natasha
  3712 | D:2      | Reached XP level 6. HP: 23/47 MP: 6/6
  4212 | D:3      | Found a faded altar of an unknown god.
  4473 | D:4      | Found Killiug's Weapon Shoppe.
  4509 | D:4      | HP: 1/47 [scorpion (5)]
  4509 | D:4      | Mangled by a scorpion

Vault maps used:
D:1:      lightli_arrival_farm
D:2:      kennysheep_goblin_castle, kennysheep_generic_room_8, uniq_natasha,
          uniq_jessica
D:3:      ecumenical_altar_2
D:4:      amethyst_overflow_temple_binary, serial_shops, shop_fountains,
          lexackson_kobold_supper

Skill      XL: |  1  2  3  4  5 |
---------------+----------------+-----
Maces & Flails | 2 3 4 |  4.9
Armour         | 3 |  3.5
Fighting       | |  3.0
Shields        | |  2.4

Action                   |  1- 3 |  4- 6 || total
-------------------------+-------+-------++-------
Melee: Flail             |   156 |   271 ||   427
  Use: Scroll            |       |     4 ||     4
Armor: Scale mail        |    91 |   129 ||   220
Dodge: Dodged            |    56 |    80 ||   136
Block: Shield            |    77 |   145 ||   222
